 Dungeon Crawl Stone Soup version 0.27-a0-819-g058290f16d (webtiles) character file.

Game seed: 13514600298380078791

37 polve the Slasher (level 3, -2/29 HPs)
             Began as a Demonspawn Abyssal Knight on Mar 29, 2021.
             Was a Follower of Lugonu.
             Slain by an adder (4 damage)
             ... on level 2 of the Dungeon.
             The game lasted 00:01:57 (2350 turns).

polve the Slasher (Demonspawn Abyssal Knight)       Turns: 2350, Time: 00:01:57

Health: -2/29      AC:  5    Str: 12    XL:     3   Next: 21%
Magic:  4/4        EV: 11    Int: 14    God:    Lugonu [*.....]
Gold:   85         SH:  0    Dex: 12    Spells: 2/2 levels left

rFire    . . .     SeeInvis .   (no weapon)
rCold    . . .     Faith    .   (no shield)
rNeg     . . .     Spirit   .   b - +0 leather armour
rPois    .         Reflect  .   (no helmet)
rElec    .         Harm     .   (no cloak)
rCorr    .         Rampage  .   (no gloves)
Will     .....                  (no boots)
Stlth    +.........             (no amulet)
HPRegen  0.09/turn              (no ring)
MPRegen  0.09/turn              (no ring)

@: no status effects
A: yellow scales 1, powered by death 1
a: Renounce Religion, Depart the Abyss


You were on level 2 of the Dungeon.
You worshipped Lugonu.
Lugonu was aware of your devotion.
You visited 1 branch of the dungeon, and saw 2 of its levels.
You visited the Abyss 1 time.

You collected 85 gold pieces.

Inventory:

Hand Weapons
 a - a +1 falchion
Armour
 b - a +0 leather armour (worn)
 h - a +0 cloak
Scrolls
 i - a scroll of teleportation {unknown}
Potions
 c - a potion of flight {unknown}
 d - a potion of mutation {unknown}
 e - a potion of brilliance
 f - a potion of lignification {unknown}
 g - a potion of resistance {unknown}


   Skills:
 - Level 3.0 Fighting
 + Level 3.3 Long Blades
 - Level 1.7 Armour
 - Level 0.8 Dodging
 - Level 2.4 Invocations


You had 2 spell levels left.
You didn't know any spells.
Your spell library was empty.

Dungeon Overview and Level Annotations

Branches:
Dungeon (2/15)

Altars:


Innate Abilities, Weirdness & Mutations

You are partially covered in yellow scales. (AC +2)
You regenerate a little health from kills.


Message History

You closely miss the bat. The bat barely misses you.
You riposte.
You slash the bat!
You kill the bat!
Lugonu accepts your kill.
Found a stone staircase leading down.
There is a stone staircase leading down here.
As you open the door, it creaks loudly!
There is an open door here.
As you open the door, it creaks loudly!
There is an open door here.
You open the door.
An adder comes into view.
An adder is nearby!
You are now empty-handed.
The adder bites you.
You are poisoned.
The adder poisons you!
You feel sick. The adder bites you.
You feel sick. The adder bites you but does no damage. The adder misses you.
You feel sick. The adder bites you.
You feel sick. The adder bites you but does no damage.
You feel sick.
You are no longer poisoned.
The adder bites you but does no damage. x2
The adder misses you. The adder bites you but does no damage.
The adder barely misses you. The adder misses you. The adder barely misses you.
The adder bites you.
You are poisoned.
The adder poisons you!
You feel sick. The adder barely misses you.
You feel sick. The adder bites you. The adder bites you but does no damage.
You feel sick. The adder bites you.
* * * LOW HITPOINT WARNING * * *
You feel sick.
You are no longer poisoned.
The adder misses you. The adder bites you.
You die...

.......##############.........'..
....<.........................#.#
######.#############..........#..
.......# #..........### ########
### #..#######.# .... #..# #.#
..... #..# #.# ......######.##
#.# ......S@......# #.#
......#######.# #.# ..... #.##
#.# .... #..# ###'### .##
##.###.....# #..##.....#
##.##.....# #.####'### #..# #.#


You could see an adder.

Vanquished Creatures
  A gnoll (D:1)
  An adder (D:2)
  A dart slug (D:2)
  A ball python (D:1)
  2 endoplasms (D:1)
  A giant cockroach (D:1)
  2 goblins
  A hobgoblin (D:2)
  A quokka (D:1)
  A bat (D:2)
  A frilled lizard (D:1)
  A kobold (D:1)
  A rat (D:1)
15 creatures vanquished.

Notes
Turn   | Place    | Note
-------+----------+-------------------------------------------
     0 | Abyss:1  | polve the Demonspawn Abyssal Knight began the quest for the
                  | Orb.
     0 | Abyss:1  | Reached XP level 1. HP: 18/18 MP: 2/2
    55 | Abyss:1  | Found a corrupted altar of Lugonu.
   142 | Abyss:1  | Noticed a large abomination
   252 | Abyss:2  | Noticed a ynoxinul
   253 | D:1      | Escaped the Abyss
   796 | D:1      | Gained mutation: You regenerate a little health from kills.
                  | [demonic ancestry]
   796 | D:1      | Reached XP level 2. HP: 20/24 MP: 3/3
   810 | D:1      | HP: 1/24 [gnoll/+0 club (4)]
  1123 | D:1      | Reached * piety under Lugonu
  1516 | D:2      | Gained mutation: You are partially covered in yellow
                  | scales. (AC +2) [demonic ancestry]
  1516 | D:2      | Reached XP level 3. HP: 15/29 MP: 4/4
  2350 | D:2      | Slain by an adder

Illustrated notes

Levels and vault maps discovered:
D:1:      psy_arrival_conway, layout_basic, minmay_misc_feat_secret_circle
D:2:      layout_basic, nicolae_qazlal_general_emergency

Skill      XL: |  1  2 |
---------------+-------+-----
Long Blades    | 2 3 |  3.3
Fighting       | |  3.0
Armour         | |  1.7
Dodging        | |  0.8
Invocations    | |  2.4

Action                   || total
-------------------------++-------
Melee: Falchion          ||    45
Invok: Depart the Abyss  ||     1
  Use: Potion            ||     1
Armor: Leather armour    ||   143
Dodge: Dodged            ||   193
       Rpst.: Falchion   ||     5

Table legend: (Time is in decaauts)
 A = Elapsed time spent in this place.
 B = Non-inter-level travel time spent in this place.
 C = Inter-level travel time spent in this place.
 D = Time resting spent in this place.
 E = Time spent auto-exploring this place.
 F = Levels seen in this place.
 G = Mean time per level.
                   A        B        C        D        E       F      G
               +--------+--------+--------+--------+--------+-----+--------+
         Total |   2363 |   2333 |     30 |      0 |   1886 |   4 |  590.8 |
       Dungeon |   2106 |   2076 |     30 |      0 |   1705 |   2 | 1053.0 |
         Abyss |    256 |    256 |      0 |      0 |    181 |   2 |  128.0 |
               +--------+--------+--------+--------+--------+-----+--------+

Top non-repeatable levels by time:
     D:1: 1140 daAuts
     D:2: 965 daAuts
 Abyss:1: 179 daAuts
 Abyss:2: 77 daAuts
